 Dungeon Crawl Stone Soup version 0.27-a0-887-gcab673c142 (webtiles) character file.

Game seed: 8131732702828257826

36391 KyrpaJooseppi the Cruncher (level 13, 61/72 HPs)
             Began as a Vine Stalker Gladiator on Apr 3, 2021.
             Was an Initiate of Gozag.
             Quit the game on level 4 of the Lair of Beasts.
             The game lasted 00:53:26 (14547 turns).

KyrpaJooseppi the Cruncher (VSGl)                  Turns: 14547, Time: 00:53:27

Health: 61/72      AC: 25    Str: 16    XL:     13   Next: 90%
Magic:  6/15       EV: 16    Int: 12    God:    Gozag
Gold:   2217       SH:  0    Dex: 22    Spells: 7/14 levels left

rFire    + + .     SeeInvis .   a - +2 quarterstaff
rCold    + + .     Faith    .   (shield currently unavailable)
rNeg     . . .     Spirit   +   r - +4 scale mail {Will+}
rPois    +         Reflect  .   c - +1 helmet
rElec    .         Harm     .   (no cloak)
rCorr    .         Rampage  .   N - +2 pair of gloves "Daxtunig" {rC++}
Will     ++...                  p - +2 pair of boots {Stlth+}
Stlth    +.........             R - amulet of regeneration
HPRegen  2.22/turn              P - ring of poison resistance
MPRegen  0.14/turn              F - ring of Light {Drain +Inv rF++ AC+4 Dex+4}

@: very slightly contaminated, invisible (expiring)
A: fangs 3, regeneration 1, magic shield, antimagic bite, no potion heal 2
a: Renounce Religion, Evoke Invisibility, Potion Petition, Call Merchant, Bribe
Branch


You were on level 4 of the Lair of Beasts.
You worshipped Gozag.
Gozag was most pleased with you.
You visited 3 branches of the dungeon, and saw 17 of its levels.
You also visited: Gauntlet.

You collected 4911 gold pieces.
You spent 610 gold pieces at shops.
You paid 2084 gold pieces to Gozag.

Inventory:

Hand Weapons
 a - a +2 quarterstaff (weapon)
 b - a +4 hunting sling
Missiles
 l - 14 boomerangs
 u - a curare-tipped dart (quivered)
 y - 24 sling bullets
Armour
 c - a +1 helmet (worn)
 p - a +2 pair of boots of stealth (worn)
 r - a +4 scale mail of willpower (worn)
 s - a +0 buckler
 N - the +2 pair of gloves "Daxtunig" (worn) {rC++}
   (You found it in a Gauntlet)

   It greatly protects you from cold.
Magical Staves
 j - a staff of cold
 w - a staff of fire
Jewellery
 o - the amulet "Ulox" {Acrobat rElec Str+4}
   (You found it in a Gauntlet)

   [amulet of the acrobat]

   It increases your evasion while moving and waiting.
   It affects your strength (+4).
   It insulates you from electricity.
 x - a ring of fire
 A - a +4 ring of protection
 F - the ring of Light (right hand) {Drain +Inv rF++ AC+4 Dex+4}
   (You found it in a Gauntlet)

   [ring of protection]

   It affects your AC (+4).
   It affects your dexterity (+4).
   It greatly protects you from fire.
   It lets you turn invisible.
   It drains your maximum health when unequipped.
 I - a +6 ring of intelligence
 J - a ring of ice
 M - an amulet of magic regeneration
 O - a +6 ring of intelligence
 P - a ring of poison resistance (left hand)
 R - an amulet of regeneration (around neck)
Wands
 h - a wand of charming (8)
 k - a wand of flame (9)
 H - a wand of digging (2)
 Q - a wand of paralysis (6)
 S - a wand of random effects (12)
Scrolls
 e - 2 scrolls of immolation
 i - 3 scrolls of noise
 q - a scroll of vulnerability
 z - 3 scrolls of fog
 D - 2 scrolls of amnesia
 E - 7 scrolls of teleportation
 K - 2 scrolls of identify
 L - a scroll of magic mapping
Potions
 f - 3 potions of heal wounds
 g - 11 potions of curing
 m - a potion of resistance
 n - a potion of brilliance
 t - a potion of cancellation
 C - 2 potions of mutation
 G - a potion of flight
 T - a potion of invisibility
Miscellaneous
 d - a phantom mirror (inert)


   Skills:
 - Level 10.0 Fighting
 - Level 12.0 Staves
 - Level 1.7 Throwing
 - Level 9.0 Armour
 - Level 9.4 Dodging
 - Level 1.0 Spellcasting
 + Level 7.6 Ice Magic


You had 7 spell levels left.
You knew the following spells:

 Your Spells              Type           Power      Damage    Failure   Level
o - Ozocubu's Armour      Ice            19%        N/A       11%         3
r - Frozen Ramparts       Ice            38%        1d5       11%         3
z - Apportation           Tloc           0%         N/A       65%         1

Your spell library contained the following spells:

 Spells                   Type           Power      Damage    Failure   Level
 Freeze                   Ice            76%        1d9       3%          1
 Ensorcelled Hibernation  Hex/Ice        18%        N/A       26%         2
 Animate Skeleton         Necr           0%         N/A       65%         1
 Corona                   Hex            0%         N/A       65%         1
 Magic Dart               Conj           0%         1d3       65%         1
 Pain                     Necr           0%         1d4       65%         1
 Sandblast                Erth           0%         2d4       65%         1
 Summon Small Mammal      Summ           0%         N/A       65%         1
 Call Imp                 Summ           0%         N/A       78%         2
 Passwall                 Tmut/Erth      0%         N/A       78%         2
 Searing Ray              Conj           0%         3d3       78%         2
 Hailstorm                Conj/Ice       9%         3d4       87%         4
 Summon Ice Beast         Ice/Summ       9%         N/A       87%         4
 Call Canine Familiar     Summ           0%         N/A       95%         3
 Confusing Touch          Hex            0%         N/A       95%         3
 Dazzling Flash           Conj/Hex       0%         N/A       95%         3
 Stone Arrow              Conj/Erth      0%         3d7       95%         3
 Summon Guardian Golem    Hex/Summ       0%         N/A       95%         3
 Tukima's Dance           Hex            0%         N/A       95%         3
 Vampiric Draining        Necr           0%         2d6       95%         3
 Animate Dead             Necr           0%         N/A       100%        4
 Fulminant Prism          Conj/Hex       0%         3d6       100%        4
 Iskenderun's Mystic Bla  Conj/Tloc      0%         2d3       100%        4
 Petrify                  Tmut/Erth      0%         N/A       100%        4
 Summon Lightning Spire   Summ/Air       0%         N/A       100%        4
 Agony                    Necr           0%         N/A       100%        5
 Lee's Rapid Deconstruct  Erth           0%         3d5*      100%        5


Dungeon Overview and Level Annotations

Branches:
Dungeon (12/15)            Temple (1/1) D:4            Lair (4/6) D:10
  Swamp (0/4) Lair:2        Snake (0/4) Lair:2      Gauntlet (visited)
    Orc: D:9-12

Altars:
Ashenzari
Cheibriados
Dithmenos
Elyvilon
Fedhas
Gozag
Hepliaklqana
Kikubaaqudgha
Makhleb
Nemelex Xobeh
Okawaru
Qazlal
Ru
Sif Muna
Trog
Uskayaw
Vehumet
Wu Jian
Xom
Yredelemnul
Zin
The Shining One

Shops:
D:2 =   D:7 *   D:8 :   D:9 [   Lair:1 (

Annotations:
D:8 Gastronok


Innate Abilities, Weirdness & Mutations

You have razor-sharp teeth.
Your natural rate of healing is unusually fast.
When hurt, damage is shared between your health and your magic reserves.
Your bite disrupts and absorbs the magic of your enemies.
Potions cannot restore your health.


Message History

As you read the scroll of fear, it crumbles to dust.
You assume a fearsome visage.
The minotaur easily resists.
The minotaur hits you with a +0 eveningstar!
The minotaur completely misses you.
As you read the scroll of fear, it crumbles to dust.
You assume a fearsome visage.
The minotaur resists with almost no effort.
The minotaur hits you with a +0 eveningstar!!
The minotaur gores you.
Aiming: Paralyse
Press: ? - help, Shift-Dir - straight line, f/p - minotaur
Aim: a minotaur, wielding a +0 eveningstar, wearing a +3 scale mail of fire resistance, wearing a +1 kite shield of protection, wearing a +4 ring of slaying and quivering silver javelins (moderately wounded, poisoned, chance to affect: 1%)
Okay, then.
Unknown command.
Unknown command.
Okay, then.
Press: ? - help, v - describe, . - travel, g - get item
Items here: a twitching granite ring; a ring of poison resistance; an octopode corpse.
The floor, spattered with blood.
Press: ? - help, v - describe, . - travel, g - get item
Items here: a paperback book; a kobold skeleton.
The floor, spattered with blood.
Unknown command.
Okay, then.
Unknown command.
There is a gate leading back out of this place here.
The minotaur looks more healthy.
The minotaur barely misses you. The minotaur misses you.
Welcome back to the Lair of Beasts!
There is an empty arch of ancient stone here.
As you read the scroll of teleportation, it crumbles to dust.
You feel strangely unstable.
The minotaur throws a silver javelin.
The silver javelin pierces through you.
Your surroundings suddenly seem different.
You flicker for a moment.
Saving game... please wait.
Welcome back, KyrpaJooseppi the Vine Stalker Gladiator.
Gozag says: Greed is good.
Press ? for a list of commands and other information.
Are you sure you want to abandon this character and quit the game? (Confirm with "yes".)

... ### ...#### ##P# ###
.......###..#####.# ......
............##.#.##
.....(............[..##...##
.>.........................#
...........................#
................@..........#
......................)<...#
.......[P..................#
...........................#
...........................#
...........................#
#.........##....###..P.....#
#.......###.###..####PP.####
........# ### #### #####


There were no monsters in sight!

Vanquished Creatures
  Rupert (Lair:3)
  Nessos (Lair:4)
  A great orb of eyes (Gauntlet)
  Josephine (D:11)
  5 hydras
  A catoblepas (Lair:3)
  A two-headed ogre (D:9)
  Pikel (D:6)
  4 ugly things
  An oklob plant (Lair:2)
  A cyclops (D:11)
  Joseph (D:9)
  5 torpor snails
  A rime drake (Lair:4)
  8 cane toads
  A kobold demonologist (D:11)
  Maggie (Lair:1)
  3 komodo dragons
  4 trolls
  A tyrant leech (Lair:2)
  2 polar bears
  8 blink frogs
  5 flying skulls (Gauntlet)
  3 wyverns
  34 yaks
  2 fire bats (Gauntlet)
  6 wraiths (D:11)
  3 basilisks
  A steam dragon (D:9)
  4 vampire mosquitoes (D:12)
  A swamp worm (Lair:2)
  13 water moccasins
  4 ice beasts
  6 orc warriors
  A sky beast (D:6)
  2 black bears (D:10)
  2 phantoms
  A centaur (D:8)
  3 kobold brigands
  15 bullfrogs
  8 scorpions
  17 killer bees
  19 wights
  2 howler monkeys (D:11)
  3 centaur zombies
  4 hounds
  6 orc priests
  12 jellies
  2 centaur skeletons (D:7)
  6 iguanas
  5 orc wizards
  6 hell rats (Lair:3)
  2 hound skeletons (D:5)
  8 adders
  3 howler monkey skeletons
  7 river rats
  A shadow imp (D:7)
  2 adder zombies (D:5)
  3 worms
  A dart slug (D:1)
  24 orcs
  7 ball pythons
  18 endoplasms
  3 giant cockroaches
  6 goblins
  6 hobgoblins
  8 jackals (D:1)
  24 kobolds
  5 quokkas
  A bat (D:1)
  3 frilled lizards
  13 rats
  A fungus (Lair:2)
395 creatures vanquished.

Vanquished Creatures (others)
  A cane toad (Lair:4)
  46 fungi
  24 plants
  13 withered plants (Gauntlet)
84 creatures vanquished.

Grand Total: 479 creatures vanquished

Notes
Turn   | Place    | Note
-------+----------+-------------------------------------------
     0 | D:1      | KyrpaJooseppi the Vine Stalker Gladiator began the quest
                  | for the Orb.
     0 | D:1      | Reached XP level 1. HP: 11/11 MP: 2/2
   217 | D:1      | Reached XP level 2. HP: 4/15 MP: 1/3
   615 | D:1      | Reached skill level 3 in Staves
   734 | D:1      | Reached XP level 3. HP: 15/19 MP: 4/4
   831 | D:1      | Found a faded altar of an unknown god.
   907 | D:1      | Learned a level 1 spell: Apportation
  1447 | D:2      | Gained mutation: Your natural rate of healing is unusually
                  | fast. [Vine Stalker growth]
  1447 | D:2      | Reached XP level 4. HP: 22/24 MP: 5/5
  1935 | D:2      | Found Diulec's Jewellery Boutique.
  2095 | D:3      | Reached XP level 5. HP: 29/29 MP: 6/6
  2107 | D:3      | Found a stormy altar of Qazlal.
  2333 | D:3      | Found an ornate altar of the Wu Jian Council.
  2480 | D:3      | Reached skill level 4 in Staves
  2480 | D:3      | Reached XP level 6. HP: 21/34 MP: 7/7
  2808 | D:4      | Reached skill level 5 in Fighting
  3124 | D:4      | Found a staircase to the Ecumenical Temple.
  3133 | Temple   | Entered the Ecumenical Temple
  3248 | Temple   | Became a worshipper of Gozag Ym Sagoz the Greedy
  3577 | D:5      | Entered Level 5 of the Dungeon
  3599 | D:5      | Reached XP level 7. HP: 36/39 MP: 8/8
  3653 | D:5      | Found a hazy altar of Hepliaklqana.
  3680 | D:4      | Reached skill level 5 in Staves
  3840 | D:5      | Found the +4 robe of Augmentation {Str+4 Int+4 Dex+4}
  4057 | D:5      | Gained mutation: You have razor-sharp teeth. [Vine Stalker
                  | growth]
  4057 | D:5      | Reached XP level 8. HP: 37/45 MP: 7/9
  4530 | D:6      | Noticed Pikel
  4533 | D:6      | Identified the +1 leather armour "Otinui" {Str+3 Int-5
                  | Stlth+}
  4546 | D:6      | Killed Pikel
  4547 | D:6      | Reached skill level 6 in Staves
  4831 | D:6      | Reached XP level 9. HP: 50/52 MP: 10/10
  5117 | D:6      | Found a sparkling altar of Nemelex Xobeh.
  5322 | D:7      | Found Ymmufomu's General Store.
  5593 | D:7      | Reached skill level 7 in Staves
  6245 | D:7      | Bought a scroll of identify for 30 gold pieces
  6464 | D:8      | Reached skill level 10 in Fighting
  6607 | D:8      | Reached skill level 8 in Staves
  6625 | D:8      | Reached XP level 10. HP: 54/59 MP: 9/11
  6707 | D:8      | Found an ancient bone altar of Kikubaaqudgha.
  7107 | D:9      | Reached skill level 9 in Staves
  7325 | D:9      | Noticed Gastronok
  7325 | D:9      | Noticed a two-headed ogre
  7412 | D:9      | Found an iron altar of Okawaru.
  7473 | D:9      | Identified a scroll of acquirement
  7473 | D:9      | Acquired 734 gold pieces
  7476 | D:9      | Bought a pair of embroidered boots for 202 gold pieces
  7484 | D:9      | Bought a runed scale mail for 189 gold pieces
  7506 | D:9      | Bought a runed scale mail for 189 gold pieces
  7630 | D:9      | Noticed Joseph
  7660 | D:9      | Killed Joseph
  7661 | D:9      | Reached skill level 10 in Staves
  7737 | D:9      | Found a bloodstained altar of Trog.
  8219 | D:9      | Killed a two-headed ogre
  8243 | D:10     | Entered Level 10 of the Dungeon
  8319 | D:10     | Found a radiant altar of Vehumet.
  8330 | D:10     | Reached skill level 11 in Staves
  8499 | D:10     | Reached XP level 11. HP: 53/63 MP: 10/12
  8566 | D:10     | Reached skill level 12 in Staves
  8577 | D:10     | Reached skill level 1 in Armour
  8585 | D:10     | Found a staircase to the Lair.
  8837 | D:10     | Identified the +2 trident of Disaster {venom, Int+4 Dex+3}
  8895 | D:10     | Found a sacrificial altar of Ru.
  8896 | D:10     | Noticed a brown ugly thing
  8909 | D:10     | Killed a brown ugly thing
  9537 | D:11     | Noticed a six-headed hydra
  9546 | D:11     | Killed a six-headed hydra
  9555 | D:11     | Noticed a cyclops
  9565 | D:11     | Killed a cyclops
  9604 | D:11     | Noticed a cyan ugly thing
  9619 | D:11     | Killed a green ugly thing
  9670 | D:11     | Reached skill level 5 in Dodging
  9712 | D:11     | Learned a level 3 spell: Frozen Ramparts
  9909 | D:11     | Noticed Josephine
  9923 | D:11     | Killed Josephine
  9924 | D:11     | Reached skill level 5 in Armour
  9924 | D:11     | Reached XP level 12. HP: 66/67 MP: 13/13
 10314 | Lair:1   | Entered Level 1 of the Lair of Beasts
 10839 | Lair:1   | Noticed an eight-headed hydra
 10849 | Lair:1   | Killed an eight-headed hydra
 10944 | Lair:1   | Noticed Maggie
 10963 | Lair:1   | Killed Maggie
 11192 | Lair:1   | Found a snail-covered altar of Cheibriados.
 12089 | Lair:2   | Reached XP level 13. HP: 65/72 MP: 14/14
 12175 | Lair:2   | Found a staircase to the Snake Pit.
 12243 | Lair:2   | Found a staircase to the Swamp.
 13180 | Lair:3   | Noticed Rupert
 13237 | Lair:3   | Killed Rupert
 13238 | Lair:3   | Reached skill level 1 in Spellcasting
 13635 | Lair:4   | Noticed Nessos
 13649 | Lair:4   | Killed Nessos
 13750 | Lair:4   | Reached skill level 5 in Ice Magic
 13830 | Lair:4   | Learned a level 3 spell: Ozocubu's Armour
 13939 | Lair:4   | Found a gate leading to a gauntlet.
 13947 | Gauntlet | Entered a Gauntlet
 13947 | Gauntlet | Found a transporter.
 13957 | Gauntlet | Found a transporter.
 13972 | Gauntlet | Found a transporter.
 13977 | Gauntlet | Found a transporter.
 13998 | Gauntlet | Found a transporter.
 14010 | Gauntlet | Noticed a great orb of eyes
 14011 | Gauntlet | Found a transporter.
 14019 | Gauntlet | Noticed a great orb of eyes
 14026 | Gauntlet | Found a transporter.
 14034 | Gauntlet | Noticed a minotaur
 14035 | Gauntlet | Found a transporter.
 14035 | Gauntlet | Noticed a great orb of eyes
 14041 | Gauntlet | Found a transporter.
 14041 | Gauntlet | Found a transporter.
 14056 | Gauntlet | Found a transporter.
 14059 | Gauntlet | Noticed an entropy weaver
 14068 | Gauntlet | Found a transporter.
 14069 | Gauntlet | Noticed a dire elephant
 14085 | Gauntlet | Found a transporter.
 14107 | Gauntlet | Found a transporter.
 14107 | Gauntlet | Found a transporter.
 14143 | Gauntlet | Found a transporter.
 14220 | Gauntlet | Found a transporter.
 14246 | Gauntlet | Found a transporter.
 14307 | Gauntlet | Identified the amulet "Ulox" {Acrobat rElec Str+4}
 14479 | Gauntlet | Killed a great orb of eyes
 14492 | Gauntlet | Identified the ring of Light {Drain +Inv rF++ AC+4 Dex+4}
 14496 | Gauntlet | Identified the +2 pair of gloves "Daxtunig" {rC++}
 14547 | Lair:4   | Quit the game

Illustrated notes

Levels and vault maps discovered:
D:1:      sevenhm_arrival_forest_fort_small_3, layout_loops_ring,
          shapermc_ecumenical_altar_hornbeckon, minmay_close_crescents
D:2:      layout_loops_ring, serial_shops, shop
D:3:      cheibrodos_helix_gallery, layout_loops_ring,
          overflow_temple_1_default, grunt_qazlal_sundering
D:4:      layout_gridville, lemuel_temple_firewalk_b, uniq_crazy_yiuf_cottage
D:5:      layout_basic, nicolae_hepliaklqana_hazy_memory,
          gup_sewer_entry_spiral, kennysheep_path_1
D:6:      layout_loops_ring, nemelex_xobeh_ov_fountains_minmay, uniq_pikel
D:7:      layout_cave_pods, serial_shops, shop
D:8:      layout_basic, kennysheep_mini, chequers_decorated_corner,
          minmay_misc_feat_encased, minmay_misc_feat_diagonals
D:9:      minmay_goldmine, layout_cave_pools, okawaru_trees_2,
          amcnicky_altar_gilded, uniq_joseph, uniq_gastronok
D:10:     layout_loops_ring, nicolae_ru_sacrificial_ziggurat,
          nicolae_vehumet_altar_sigil, due_lair_maze_entry_diamond
D:11:     layout_small_grid, minmay_checkerbox, uniq_josephine
D:12:     kennysheep_spiral_hall, layout_loops_ring, gammafunk_ghost_grave
Temple:   dshaligram_water_room_temple
Lair:1:   layout_hall_layers, kennysheep_snail_temple, uniq_maggie
Lair:2:   lemuel_slime, layout_misc_corridors, minmay_swamp_entry_worms,
          dummy_snake_entry, grunt_megastairs_3
Lair:3:   layout_hall_layers, kennysheep_abandoned_house, uniq_rupert
Lair:4:   nzn_winding_woodlands_medium [nzn_winding_woodlands_5x5_three,
          nzn_winding_woodlands_5x15_pool, nzn_winding_woodlands_5x5_cross,
          nzn_winding_woodlands_5x5_checkerboard,
          nzn_winding_woodlands_center_pierced_h,
          nzn_winding_woodlands_5x5_open_star, nzn_winding_woodlands_hourglass,
          nzn_winding_woodlands_5x15_pathside_ponds,
          nzn_winding_woodlands_5x5_closed_star], layout_hall_layers,
          gauntlet_entry_generic, basic_altar, lemuel_fruit_tree,
          infiniplex_staircase_pool, uniq_nessos

Skill      XL: |  1  2  3  4  5  6  7  8  9 10 11 12 13 |
---------------+----------------------------------------+-----
Fighting       | 2 3 4 5 6 8 10 | 10.0
Staves         | 3 4 5 6 8 11 12 | 12.0
Armour         | 5 8 9 |  9.0
Dodging        | 5 8 9 |  9.4
Spellcasting   | 1 |  1.0
Ice Magic      | 7 |  7.6
Throwing       | |  1.7

Action                   |  1- 3 |  4- 6 |  7- 9 | 10-12 | 13-15 || total
-------------------------+-------+-------+-------+-------+-------++-------
Melee: Quarterstaff      |    82 |   143 |   242 |   757 |   401 ||  1625
       Bite              |    18 |    49 |   100 |   294 |   170 ||   631
 Fire: Hunting sling     |       |       |       |    12 |     5 ||    17
Throw: Throwing net      |     3 |     7 |     1 |     2 |       ||    13
       Dart              |       |       |       |    12 |     8 ||    20
 Cast: Ozocubu's Armour  |       |       |       |       |     1 ||     1
Invok: Call Merchant     |       |       |       |     3 |       ||     3
Evoke: Wand              |       |       |    17 |     8 |    29 ||    54
       Phantom mirror    |       |       |       |     1 |     1 ||     2
  Use: Scroll            |     2 |     7 |     7 |     5 |    11 ||    32
       Potion            |       |       |     2 |     6 |     5 ||    13
 Stab: Distracted        |     1 |       |       |     7 |     3 ||    11
       Held in net/web   |     1 |     1 |       |       |       ||     2
       Sleeping          |       |     3 |     6 |     3 |       ||    12
       Paralysed         |       |       |    12 |       |    14 ||    26
Armor: Leather armour    |    26 |    24 |       |       |       ||    50
       Ring mail         |       |     4 |    10 |       |       ||    14
       Robe              |       |       |    48 |    73 |       ||   121
       Skin              |       |       |       |    12 |       ||    12
       Scale mail        |       |       |       |   149 |   207 ||   356
Dodge: Dodged            |    42 |    89 |   132 |   317 |   224 ||   804

Table legend: (Time is in decaauts)
 A = Elapsed time spent in this place.
 B = Non-inter-level travel time spent in this place.
 C = Inter-level travel time spent in this place.
 D = Time resting spent in this place.
 E = Time spent auto-exploring this place.
 F = Levels seen in this place.
 G = Mean time per level.
                   A        B        C        D        E       F      G
               +--------+--------+--------+--------+--------+-----+--------+
         Total |  14296 |  13271 |   1025 |    657 |   8067 |  18 |  794.2 |
       Dungeon |  10320 |   9430 |    890 |    571 |   5846 |  12 |  860.0 |
        Temple |    131 |    116 |     15 |      0 |    104 |   1 |  131.0 |
          Lair |   3277 |   3157 |    120 |     75 |   1797 |   4 |  819.2 |
      Gauntlet |    567 |    567 |      0 |     10 |    319 |   1 |  567.0 |
               +--------+--------+--------+--------+--------+-----+--------+

Top non-repeatable levels by time:
  Lair:1: 1348 daAuts
     D:1: 1246 daAuts
    D:10: 1233 daAuts
     D:9: 1140 daAuts
     D:7: 986 daAuts
     D:5: 972 daAuts
     D:8: 951 daAuts
  Lair:3: 852 daAuts
     D:2: 835 daAuts
  Lair:2: 795 daAuts
    D:11: 768 daAuts
     D:6: 749 daAuts
     D:3: 708 daAuts
     D:4: 697 daAuts
Gauntlet: 567 daAuts
